[ AOE2 MATCH · #505192167 ]
UnrankedPersians vs Japanese
Player's team · WIN
Rival team · LOSS
[ REPLAY ANALYSIS · EXTRACTED FROM THE RECORDED GAME ]
Feudal
12:07
Castle
26:05
Imperial
43:09
| APM avg | 82.1 |
| APM peak | 151 |
| eAPM avg | 49.3 |
| Villagers / military | 239 / 226 |
Focus
⚔️ 63.2% · 🌾 36.8%
Knight ×39 · Camel Scout ×38 · Cavalry Archer ×37 · Skirmisher ×34 · Hand Cannoneer ×29 · Archer ×14
Feudal
8:52
Castle
27:38
Imperial
54:14
| APM avg | 56.9 |
| APM peak | 102 |
| eAPM avg | 28.2 |
| Villagers / military | 196 / 239 |
Focus
⚔️ 38.1% · 🌾 61.9%
Samurai ×48 · Spearman ×47 · Cavalry Archer ×34 · Skirmisher ×30 · Knight ×25 · Battering Ram ×23
Match map
Initial resources + every placement click. Lines = walls · curves = elevation contours. ◆ gold · ⬟ stone · ● berries · ✦ relic · ◌ wall gap
Your base· Open — 6t gap
新竹's base· Open — unwalled flank
Smoothed initial terrain · ◌ = detected wall gap · hover for details
Inputs per minute
— Lespaul - - 新竹
Build order — Lespaul
First 150 of 780 actions detected
| 0:00 | Queue | Villager (Male) |
| 0:03 | Build | House |
| 0:04 | Build | House |
| 0:05 | Queue | Villager (Male) |
| 0:05 | Queue | Villager (Male) |
| 0:05 | Queue | Villager (Male) |
| 0:07 | Queue | Villager (Male) |
| 1:19 | Build | Lumber Camp |
| 1:30 | Queue | Villager (Male) |
| 1:30 | Queue | Villager (Male) |
| 2:20 | Queue | Villager (Male) |
| 2:20 | Queue | Villager (Male) |
| 2:20 | Queue | Villager (Male) |
| 2:27 | Build | House |
| 3:06 | Queue | Villager (Male) |
| 3:28 | Queue | Villager (Male) |
| 3:28 | Queue | Villager (Male) |
| 3:42 | Queue | Villager (Male) |
| 3:43 | Queue | Villager (Male) |
| 4:05 | Build | House |
| 4:09 | Build | Palisade Wall |
| 4:13 | Build | House |
| 4:20 | Build | Palisade Wall |
| 4:22 | Build | Palisade Wall |
| 4:23 | Build | Palisade Wall |
| 4:32 | Build | Barracks |
| 4:35 | Queue | Villager (Male) |
| 4:35 | Queue | Villager (Male) |
| 4:35 | Queue | Villager (Male) |
| 4:39 | Queue | Villager (Male) |
| 4:40 | Queue | Villager (Male) |
| 4:56 | Queue | Villager (Male) |
| 4:56 | Queue | Villager (Male) |
| 5:00 | Queue | Villager (Male) |
| 5:00 | Queue | Villager (Male) |
| 5:30 | Queue | Militia |
| 5:38 | Queue | Villager (Male) |
| 5:39 | Queue | Militia |
| 5:59 | Queue | Militia |
| 6:10 | Build | House |
| 6:26 | Queue | Militia |
| 6:31 | Build | Mill |
| 6:54 | Queue | Villager (Male) |
| 6:54 | Queue | Villager (Male) |
| 7:08 | Queue | Villager (Male) |
| 7:19 | Queue | Militia |
| 7:19 | Queue | Militia |
| 7:21 | Queue | Villager (Male) |
| 7:22 | Queue | Villager (Male) |
| 7:43 | Queue | Villager (Male) |
| 7:53 | Build | Farm |
| 7:54 | Build | Farm |
| 7:56 | Build | Farm |
| 8:07 | Build | Farm |
| 8:09 | Queue | Villager (Male) |
| 8:10 | Queue | Villager (Male) |
| 8:29 | Build | Farm |
| 8:35 | Queue | Villager (Male) |
| 9:04 | Build | Mining Camp |
| 9:44 | Build | House |
| 9:59 | Queue | Villager (Male) |
| 10:03 | Research | Feudal Age |
| 10:03 | Research | Feudal Age |
| 10:04 | Build | Palisade Wall |
| 10:06 | Build | Palisade Wall |
| 10:07 | Build | Palisade Wall |
| 10:08 | Build | Palisade Wall |
| 10:12 | Build | Palisade Wall |
| 10:13 | Build | Palisade Wall |
| 10:27 | Queue | Villager (Male) |
| 10:54 | Queue | Villager (Male) |
| 11:01 | Build | Palisade Gate |
| 11:14 | Queue | Villager (Male) |
| 11:38 | Build | Farm |
| 11:46 | Build | Farm |
| 11:50 | Build | Lumber Camp |
| 12:04 | Research | Loom |
| 12:07 | Age | Feudal Age |
| 12:08 | Research | Man-at-Arms (upgrade) |
| 12:08 | Research | Man-at-Arms (upgrade) |
| 12:11 | Queue | Villager (Male) |
| 12:24 | Queue | Villager (Male) |
| 12:31 | Research | Double-Bit Axe |
| 12:31 | Research | Double-Bit Axe |
| 12:47 | Queue | Villager (Male) |
| 13:01 | Queue | Villager (Male) |
| 13:28 | Build | House |
| 13:31 | Build | House |
| 13:41 | Queue | Villager (Male) |
| 13:48 | Build | Archery Range |
| 13:52 | Build | House |
| 13:57 | Build | House |
| 14:04 | Queue | Villager (Male) |
| 15:11 | Queue | Villager (Male) |
| 15:16 | Build | Lumber Camp |
| 15:32 | Build | Farm |
| 15:43 | Queue | Villager (Male) |
| 15:44 | Queue | Archer |
| 15:56 | Queue | Archer |
| 16:02 | Queue | Villager (Male) |
| 16:34 | Queue | Archer |
| 16:38 | Build | Farm |
| 16:42 | Build | Blacksmith |
| 16:57 | Build | Watch Tower |
| 17:02 | Build | Watch Tower |
| 17:07 | Queue | Villager (Male) |
| 17:07 | Queue | Villager (Male) |
| 17:09 | Build | Farm |
| 17:28 | Queue | Archer |
| 17:28 | Queue | Archer |
| 17:51 | Queue | Villager (Male) |
| 17:53 | Build | Farm |
| 17:56 | Build | House |
| 17:57 | Build | House |
| 18:10 | Research | Wheelbarrow |
| 18:24 | Queue | Villager (Male) |
| 18:26 | Research | Fletching |
| 18:27 | Research | Fletching |
| 18:32 | Queue | Villager (Male) |
| 18:34 | Build | House |
| 18:47 | Queue | Villager (Male) |
| 18:48 | Queue | Archer |
| 18:49 | Queue | Archer |
| 18:49 | Queue | Archer |
| 18:49 | Queue | Archer |
| 18:49 | Queue | Archer |
| 18:53 | Queue | Villager (Male) |
| 19:09 | Build | Farm |
| 19:19 | Queue | Villager (Male) |
| 19:24 | Build | House |
| 19:35 | Queue | Villager (Male) |
| 19:54 | Build | House |
| 19:56 | Queue | Villager (Male) |
| 19:57 | Queue | Archer |
| 20:03 | Build | Farm |
| 20:06 | Build | Farm |
| 20:14 | Build | House |
| 20:21 | Research | Scale Mail Armor |
| 20:23 | Build | Farm |
| 20:27 | Build | Farm |
| 20:29 | Build | Farm |
| 20:41 | Queue | Archer |
| 20:46 | Build | Farm |
| 20:55 | Queue | Villager (Male) |
| 20:57 | Build | Mining Camp |
| 21:35 | Queue | Villager (Male) |
| 21:43 | Queue | Villager (Male) |
| 21:48 | Queue | Villager (Male) |
| 21:49 | Build | Farm |
| 22:13 | Queue | Villager (Male) |
Build order — 新竹
First 150 of 653 actions detected
| 0:00 | Queue | Villager (Male) |
| 0:01 | Queue | Villager (Male) |
| 0:01 | Queue | Villager (Male) |
| 0:02 | Build | House |
| 0:03 | Build | House |
| 0:13 | Queue | Villager (Male) |
| 0:14 | Queue | Villager (Male) |
| 1:23 | Queue | Villager (Male) |
| 1:23 | Queue | Villager (Male) |
| 2:05 | Queue | Villager (Male) |
| 2:18 | Queue | Villager (Male) |
| 2:24 | Build | Lumber Camp |
| 2:46 | Queue | Villager (Male) |
| 2:46 | Queue | Villager (Male) |
| 2:51 | Build | House |
| 3:02 | Queue | Villager (Male) |
| 3:02 | Queue | Villager (Male) |
| 3:36 | Queue | Villager (Male) |
| 3:54 | Queue | Villager (Male) |
| 3:54 | Queue | Villager (Male) |
| 3:55 | Queue | Villager (Male) |
| 4:22 | Queue | Villager (Male) |
| 4:23 | Queue | Villager (Male) |
| 4:43 | Queue | Villager (Male) |
| 4:43 | Queue | Villager (Male) |
| 5:11 | Build | Mining Camp |
| 5:16 | Queue | Villager (Male) |
| 5:16 | Queue | Villager (Male) |
| 5:28 | Queue | Villager (Male) |
| 5:28 | Queue | Villager (Male) |
| 5:53 | Build | Palisade Wall |
| 5:56 | Build | Palisade Wall |
| 6:09 | Research | Loom |
| 6:42 | Research | Feudal Age |
| 6:42 | Research | Feudal Age |
| 6:50 | Build | House |
| 7:07 | Build | Barracks |
| 7:24 | Build | Mill |
| 7:26 | Build | House |
| 7:57 | Queue | Militia ×3 |
| 7:58 | Queue | Militia ×3 |
| 8:30 | Build | Mining Camp |
| 8:52 | Age | Feudal Age |
| 8:54 | Research | Man-at-Arms (upgrade) |
| 8:55 | Research | Man-at-Arms (upgrade) |
| 9:09 | Queue | Villager (Male) |
| 9:09 | Queue | Villager (Male) |
| 9:20 | Build | Watch Tower |
| 9:37 | Queue | Villager (Male) |
| 9:37 | Queue | Villager (Male) |
| 9:37 | Queue | Villager (Male) |
| 9:59 | Build | Watch Tower |
| 10:08 | Queue | Villager (Male) |
| 10:08 | Queue | Villager (Male) |
| 10:30 | Queue | Villager (Male) |
| 10:51 | Queue | Villager (Male) |
| 10:51 | Queue | Villager (Male) |
| 11:19 | Build | Watch Tower |
| 11:21 | Queue | Villager (Male) |
| 11:21 | Queue | Villager (Male) |
| 11:21 | Queue | Villager (Male) |
| 11:55 | Queue | Villager (Male) |
| 11:55 | Queue | Villager (Male) |
| 12:00 | Build | Farm |
| 12:04 | Queue | Militia |
| 12:04 | Queue | Militia |
| 12:26 | Build | Mining Camp |
| 12:28 | Queue | Villager (Male) |
| 12:28 | Queue | Villager (Male) |
| 12:30 | Build | Farm |
| 12:50 | Build | Farm |
| 12:51 | Queue | Villager (Male) |
| 12:51 | Queue | Villager (Male) |
| 13:12 | Build | House |
| 13:27 | Queue | Villager (Male) |
| 13:27 | Queue | Villager (Male) |
| 13:43 | Queue | Villager (Male) |
| 13:45 | Build | House |
| 13:52 | Build | Watch Tower |
| 13:56 | Queue | Militia |
| 14:01 | Queue | Villager (Male) |
| 14:02 | Queue | Villager (Male) |
| 14:09 | Build | House |
| 14:16 | Queue | Villager (Male) |
| 14:18 | Build | Farm |
| 14:46 | Queue | Militia |
| 14:56 | Queue | Villager (Male) |
| 14:56 | Queue | Villager (Male) |
| 15:07 | Build | Palisade Wall |
| 15:08 | Build | Palisade Wall |
| 15:35 | Build | Watch Tower |
| 15:38 | Queue | Villager (Male) |
| 15:38 | Queue | Villager (Male) |
| 15:38 | Queue | Villager (Male) |
| 15:40 | Build | Farm |
| 15:40 | Build | Farm |
| 15:41 | Build | Farm |
| 15:55 | Queue | Villager (Male) |
| 15:55 | Queue | Villager (Male) |
| 15:55 | Queue | Villager (Male) |
| 16:13 | Queue | Villager (Male) |
| 16:15 | Build | Mining Camp |
| 16:48 | Build | Watch Tower |
| 16:51 | Build | Farm |
| 16:52 | Build | Farm |
| 16:53 | Queue | Villager (Male) |
| 17:02 | Queue | Villager (Male) |
| 17:40 | Queue | Villager (Male) |
| 17:44 | Build | Watch Tower |
| 17:46 | Queue | Villager (Male) |
| 17:53 | Build | Blacksmith |
| 17:55 | Build | House |
| 17:56 | Build | House |
| 17:59 | Queue | Villager (Male) |
| 18:12 | Queue | Villager (Male) |
| 18:23 | Queue | Villager (Male) |
| 18:25 | Research | Double-Bit Axe |
| 18:25 | Research | Double-Bit Axe |
| 18:36 | Build | Watch Tower |
| 18:43 | Research | Fletching |
| 18:43 | Research | Fletching |
| 18:45 | Build | Farm |
| 19:00 | Queue | Villager (Male) |
| 19:00 | Queue | Villager (Male) |
| 19:00 | Queue | Villager (Male) |
| 19:06 | Queue | Villager (Male) |
| 19:06 | Queue | Villager (Male) |
| 19:08 | Build | Farm |
| 19:12 | Build | Palisade Wall |
| 19:16 | Build | Palisade Wall |
| 19:45 | Queue | Villager (Male) |
| 19:45 | Queue | Villager (Male) |
| 19:45 | Queue | Villager (Male) |
| 19:46 | Queue | Villager (Male) |
| 19:48 | Build | Farm |
| 19:57 | Build | Watch Tower |
| 20:23 | Queue | Villager (Male) |
| 20:23 | Queue | Villager (Male) |
| 20:23 | Queue | Villager (Male) |
| 20:23 | Queue | Villager (Male) |
| 20:28 | Build | Farm |
| 20:31 | Build | Farm |
| 20:33 | Build | Farm |
| 20:49 | Queue | Villager (Male) |
| 21:06 | Queue | Villager (Male) |
| 21:07 | Queue | Villager (Male) |
| 21:13 | Build | Market |
| 21:43 | Build | Watch Tower |
| 22:23 | Build | Farm |
| 22:35 | Build | Farm |
Match timeline
| 4:09 | Lespaul · wall_segment Palisade Wall x1 |
| 4:20 | Lespaul · wall_segment Palisade Wall x1 |
| 4:22 | Lespaul · wall_segment Palisade Wall x1 |
| 4:23 | Lespaul · wall_segment Palisade Wall x1 |
| 4:32 | Lespaul · first_building Barracks |
| 5:53 | 新竹 · wall_segment Palisade Wall x1 |
| 5:56 | 新竹 · wall_segment Palisade Wall x1 |
| 7:07 | 新竹 · first_building Barracks |
| 8:52 | 新竹 · age_up feudal |
| 10:04 | Lespaul · wall_segment Palisade Wall x1 |
| 10:06 | Lespaul · wall_segment Palisade Wall x1 |
| 10:07 | Lespaul · wall_segment Palisade Wall x1 |
| 10:08 | Lespaul · wall_segment Palisade Wall x1 |
| 10:12 | Lespaul · wall_segment Palisade Wall x1 |
| 10:13 | Lespaul · wall_segment Palisade Wall x1 |
| 12:07 | Lespaul · age_up feudal |
| 13:48 | Lespaul · first_building Archery Range |
| 15:07 | 新竹 · wall_segment Palisade Wall x3 |
| 15:08 | 新竹 · wall_segment Palisade Wall x2 |
| 19:12 | 新竹 · wall_segment Palisade Wall x5 |
| 19:16 | 新竹 · wall_segment Palisade Wall x6 |
| 22:19 | 新竹 · first_market_buy 100 stone |
| 23:25 | Lespaul · first_market_buy 100 food |
| 25:22 | Lespaul · first_building Stable |
| 26:05 | Lespaul · age_up castle |
| 26:06 | 新竹 · first_building Stable |
| 26:09 | Lespaul · first_building Siege Workshop |
| 27:38 | 新竹 · age_up castle |
| 29:37 | Lespaul · first_building Monastery |
| 33:56 | 新竹 · first_building Siege Workshop |
| 35:03 | 新竹 · first_building Monastery |
| 37:17 | Lespaul · first_building Castle |
| 38:45 | 新竹 · first_building Castle |
| 40:05 | Lespaul · first_market_sell 500 wood |
| 43:09 | Lespaul · age_up imperial |
| 50:06 | 新竹 · first_building Archery Range |
| 54:14 | 新竹 · age_up imperial |
| 57:14 | 新竹 · first_market_sell 100 food |
| 65:00 | 新竹 · resign |
[ AI ANALYSIS · 1 CREDIT ]
What really happened in this match?
Wolo.gg analyzes every decision: build order, eco, micro, common mistakes by bracket. Personalized analysis on WhatsApp or Discord in 30 seconds.
Civ guide
Persians
Perfil
Jugador #323632